 Dungeon Crawl Stone Soup version 0.20.1-1-g8b1a95d (webtiles) character file.

431 Linguinho the Ruffian (level 6, -6/61 HPs)
             Began as a Troll Monk on Nov 13, 2017.
             Mangled by Linguinho's ghost (20 damage)
             ... on level 5 of the Dungeon.
             The game lasted 00:04:37 (3224 turns).

Linguinho the Ruffian (Troll Monk)                  Turns: 3224, Time: 00:04:38

Health: -6/61      AC:  5    Str: 22    XL:     6   Next: 66%
Magic:  5/5        EV: 11    Int:  6    God:
Gold:   220        SH:  0    Dex: 12    Spells: 5/5 levels left

rFire    . . .     SeeInvis .     - Unarmed
rCold    . . .     Gourm    +   (no shield)
rNeg     . . .     Faith    .   a - +0 robe
rPois    .         Spirit   .   (helmet restricted)
rElec    .         Reflect  .   (no cloak)
rCorr    .         Harm     .   (gloves unavailable)
MR       .....                  (boots unavailable)
Stlth    ++........             (no amulet)
Regen    0.6/turn               (no ring)
MPRegen  0.1/turn               (no ring)

@: no status effects
A: unfitting armour, claws 3, fast metabolism 3, gourmand, regeneration 1,
shaggy fur 1, tough skin 2
a: no special abilities


You were on level 5 of the Dungeon.
You were full.

You visited 1 branch of the dungeon, and saw 5 of its levels.

You collected 220 gold pieces.

Inventory:

Armour
 a - a +0 robe (worn)
Jewellery
 z - a cursed ring of loudness {unknown}
Wands
 l - a wand of polymorph (11/24)
 w - a wand of random effects (37/48)
Scrolls
 c - 3 scrolls of teleportation
 d - a scroll of enchant weapon {unknown}
 j - 2 scrolls of magic mapping
 p - a scroll of remove curse
 r - a scroll of random uselessness {unknown}
 s - a scroll of noise {unknown}
 t - a scroll of fog {unknown}
 v - a scroll of enchant armour {unknown}
Potions
 e - 2 potions of agility
 f - 2 potions of brilliance {unknown}
 g - a potion of lignification {unknown}
 i - 2 potions of might
 m - a potion of magic {unknown}
 n - a potion of haste {unknown}
 q - a potion of degeneration {unknown}
 u - a potion of mutation {unknown}
 x - a potion of heal wounds {unknown}
 A - a potion of resistance {unknown}
Comestibles
 b - 4 bread rations
 h - 6 fruits
 k - 2 royal jellies
 o - a meat ration


   Skills:
 + Level 3.0 Fighting
 + Level 3.6 Dodging
 - Level 1.4 Stealth
 + Level 6.2 Unarmed Combat


You had 5 spell levels left.
You didn't know any spells.

Dungeon Overview and Level Annotations

Branches:
Dungeon (5/15)
 Temple: D:4-7

Altars:
Hepliaklqana
Nemelex Xobeh
Okawaru
Sif Muna
Uskayaw

Annotations:
D:5 Linguinho's ghost, novice TrMo; Menkaure; Prince Ribbit


Innate Abilities, Weirdness & Mutations

You are too large for most types of armour.
You have claws for hands.
Your metabolism is lightning-fast.
You like to eat raw meat.
Your natural rate of healing is unusually fast.
You are covered in fur. (AC +1)
You have very tough skin. (AC +2)


Message History

You barely miss Linguinho's ghost.
Linguinho's ghost is lightly damaged.
Linguinho's ghost hits you!
You scratch Linguinho's ghost.
Linguinho's ghost is lightly damaged.
Prince Ribbit blinks!
Linguinho's ghost hits you.
You miss Linguinho's ghost.
Linguinho's ghost is lightly damaged.
You miss Linguinho's ghost.
Linguinho's ghost is lightly damaged.
Linguinho's ghost barely misses you.
You scratch Linguinho's ghost.
Linguinho's ghost is moderately damaged.
Linguinho's ghost hits you!!
* * * LOW HITPOINT WARNING * * *
Prince Ribbit blinks!
You closely miss Linguinho's ghost.
Linguinho's ghost is moderately damaged.
Linguinho's ghost hits you!!
You die...

#........#
#........# .
#.$F.....#..
#........'.
#........#
#........#
#...Z§...# #W# #@#
############.####.#
#<..............._..
############.####.##
.... #.### #.. ###


You could see Prince Ribbit, Linguinho's ghost and a bullfrog skeleton.

Vanquished Creatures
  An ogre (D:4)
  A centaur zombie (D:3)
  An orc priest (D:4)
  Jessica (D:3)
  Natasha (D:3)
  Terence (D:2)
  An orc wizard (D:4)
  A worker ant (D:4)
  A hound skeleton (D:3)
  A worker ant zombie (D:3)
  A howler monkey skeleton (D:3)
  4 adders
  2 adder skeletons (D:3)
  An adder zombie (D:3)
  A worm (D:2)
  3 dart slugs
  4 leopard geckos
  9 orcs
  5 giant cockroaches
  3 goblins
  4 hobgoblins
  6 jackals
  2 ball pythons
  5 bats
  4 frilled lizards
  A kobold (D:1)
  3 leopard gecko skeletons (D:3)
  2 leopard gecko zombies (D:3)
  A quokka zombie (D:3)
  5 rats
76 creatures vanquished.

Notes
Turn   | Place    | Note
-------+----------+-------------------------------------------
     0 | D:1      | Linguinho the Troll Monk began the quest for the Orb.
     0 | D:1      | Reached XP level 1. HP: 22/22 MP: 0/0
    65 | D:1      | Reached XP level 2. HP: 29/29 MP: 1/1
   754 | D:2      | Reached XP level 3. HP: 29/36 MP: 2/2
   843 | D:2      | Noticed Terence
   846 | D:2      | Killed Terence
   846 | D:2      | Reached skill level 4 in Unarmed Combat
   846 | D:2      | Reached XP level 4. HP: 42/44 MP: 3/3
   857 | D:2      | Found a hide-covered altar of Uskayaw.
  1033 | D:2      | Found an iron altar of Okawaru.
  1224 | D:3      | Noticed Natasha
  1237 | D:3      | Killed Natasha
  1546 | D:3      | Reached XP level 5. HP: 46/52 MP: 4/4
  1856 | D:3      | Reached skill level 5 in Unarmed Combat
  1941 | D:3      | Noticed Jessica
  1947 | D:3      | Found a deep blue altar of Sif Muna.
  1972 | D:3      | Killed Jessica
  2399 | D:4      | Found a hazy altar of Hepliaklqana.
  2430 | D:4      | Reached XP level 6. HP: 45/59 MP: 5/5
  2754 | D:4      | Reached skill level 6 in Unarmed Combat
  3073 | D:5      | Entered Level 5 of the Dungeon
  3085 | D:5      | Noticed Menkaure
  3206 | D:5      | Found a sparkling altar of Nemelex Xobeh.
  3208 | D:5      | Noticed Linguinho's ghost (novice TrMo)
  3209 | D:5      | Noticed Prince Ribbit
  3224 | D:5      | Mangled by Linguinho's ghost

Skill      XL: |  1  2  3  4  5  6 |
---------------+-------------------+-----
Unarmed Combat | 4 5 6 |  6.2
Dodging        | 3 |  3.6
Fighting       | 3 |  3.0
Stealth        | |  1.4

Action                   |  1- 3 |  4- 6 || total
-------------------------+-------+-------++-------
Melee: Unarmed           |    63 |   192 ||   255
       Punch             |     1 |     3 ||     4
  Use: Scroll            |       |     4 ||     4
 Stab: Sleeping          |     4 |     2 ||     6
  Eat: Chunk             |     9 |    22 ||    31
Armor: Robe              |    19 |    65 ||    84
Dodge: Dodged            |    32 |    85 ||   117
